 Dungeon Crawl Stone Soup version 0.31-a0-236-g9a0961fb85 (webtiles) character file.

Game seed: 8980286256767517943

53 qw the Shooter (level 3, -2/21 HPs)
             Began as a Gargoyle Hexslinger on July 9, 2023.
             Slain by an endoplasm (3 damage)
             ... on level 2 of the Dungeon.
             The game lasted 00:00:31 (995 turns).

qw the Shooter (Gargoyle Hexslinger)                 Turns: 995, Time: 00:00:31

Health: -2/21      AC:  8    Str: 11    XL:     3   Next: 89%
Magic:  4/4        EV: 10    Int: 13    God:
Gold:   67         SH:  0    Dex: 14    Spells: 3/4 levels left

rFire   . . .        Y - +2 sling
rCold   . . .        (no shield)
rNeg    + . .        i - +0 ring mail
rPois   inf          (no helmet)
rElec   +            (no cloak)
rCorr   .            (no gloves)
SInv    .            (no boots)
Will    .....        (no amulet)
Stlth   +            (no ring)
HPRegen 0.23/turn    (no ring)
MPRegen 0.09/turn

%: no passive effects
@: no status effects
A: sickness immunity, AC +3, negative energy resistance 1, electricity
resistance, torment resistance 1, petrification resistance
a: no special abilities


You were on level 2 of the Dungeon.
You visited 1 branch of the dungeon, and saw 2 of its levels.

You collected 67 gold pieces.


Innate Abilities, Weirdness & Mutations

You are immune to sickness and miasma.
Your stone body is resilient. (AC +3)
You are immune to poison.
You resist negative energy. (rN+)
You are resistant to electric shocks. (rElec)
You are resistant to unholy torment.
You are immune to petrification.


   Skills:
 - Level 2.0 Fighting
 + Level 3.7 Ranged Weapons
 - Level 1.5 Dodging
 - Level 1.0 Spellcasting
 - Level 2.6 Hexes


You had 3 spell levels left.
You knew the following spells:

 Your Spells              Type           Power      Damage    Failure   Level
a - Slow                  Hex            28%        N/A       22%         1

Your spell library contained the following spells:

 Spells                   Type           Power      Damage    Failure   Level
 Inner Flame              Hex/Fire       4%         N/A       75%         3
 Portal Projectile        Hex/Tloc       8%         N/A       75%         3
 Cause Fear               Hex            3%         N/A       92%         4

Inventory:

Hand Weapons
 Y - a +2 sling (weapon)
Armour
 i - a +0 ring mail (worn)
Scrolls
 a - a scroll of identify
 c - a scroll of immolation {unknown}
Potions
 b - a potion of cancellation {unknown}
 d - a potion of degeneration {unknown}
 f - a potion of curing {unknown}

Dungeon Overview and Level Annotations

Branches:
Dungeon (2/15)

Altars:


Message History

You shoot a sling bullet.
The sling bullet closely misses the adder.
The adder bites you. The endoplasm hits you.
You shoot a sling bullet.
The sling bullet barely misses the adder.
The adder barely misses you.
The endoplasm hits you but does no damage.
The adder bites you.
You shoot a sling bullet. The sling bullet hits the adder.
The adder is severely wounded.
The adder closely misses you.
The endoplasm hits you but does no damage.
The adder bites you but does no damage. The endoplasm closely misses you.
You shoot a sling bullet.
The sling bullet barely misses the adder.
The adder closely misses you. The endoplasm freezes you.
You are frozen.
The adder bites you but does no damage.
You shoot a sling bullet. The sling bullet hits the adder.
The adder is severely wounded.
The endoplasm freezes you.
You are frozen.
The adder barely misses you.
You shoot a sling bullet. The sling bullet hits the adder.
The adder is almost dead.
The adder bites you but does no damage. The endoplasm misses you.
The adder closely misses you.
The endoplasm hits you but does no damage.
You shoot a sling bullet.
The sling bullet closely misses the adder.
The adder barely misses you. The endoplasm freezes you.
You are frozen.
The adder bites you but does no damage.
You shoot a sling bullet. The sling bullet hits the adder.
You kill the adder!
The endoplasm barely misses you.
You shoot a sling bullet. The sling bullet hits the endoplasm.
The endoplasm is heavily wounded.
The endoplasm freezes you.
You are frozen.
The endoplasm hits you.
You die...

#####+####
#........#
#........#
#........#
#........#
#.....J..###
#......@...#
#.....##...##
#.... #8...8#
#... ##...## #..
#...# .. ##...##
. #8...8# #
####...####
#8###8##...##8###


You could see an endoplasm.

Vanquished Creatures
  An adder (D:2)
  2 worms
  A dart slug (D:1)
  3 ball pythons (D:1)
  4 endoplasms (D:1)
  2 hobgoblins (D:1)
  4 jackals (D:1)
  2 quokkas (D:1)
  3 bats (D:1)
  2 frilled lizards (D:1)
  3 goblins
  4 kobolds (D:1)
  3 rats (D:1)
34 creatures vanquished.

Notes
Turn   | Place    | Note
-------+----------+-------------------------------------------
     0 | D:1      | qw the Gargoyle Hexslinger began the quest for the Orb.
     0 | D:1      | Reached XP level 1. HP: 12/12 MP: 2/2
     0 | D:1      | 0 ||| qw: Version: 0.3-a-51-g015441d
     0 | D:1      | 0 ||| qw: Game counter: 4388
     0 | D:1      | 0 ||| qw: Melee chars always use a shield: true
     0 | D:1      | 0 ||| qw: God list: Okawaru
     0 | D:1      | 0 ||| qw: Allow faded altars: false
     0 | D:1      | 0 ||| qw: Do Orc after clearing Dungeon:15 true
     0 | D:1      | 0 ||| qw: Do second Lair branch before Depths: true
     0 | D:1      | 0 ||| qw: Lair rune preference: random
     0 | D:1      | 0 ||| qw: Goals: Normal
     0 | D:1      | 0 ||| PLANNING D:1-11
    32 | D:1      | HP: 1/12 [kobold/+0 whip (3)]
   190 | D:1      | Reached XP level 2. HP: 7/16 MP: 3/3
   192 | D:1      | HP: 2/16 [frozen (5)]
   269 | D:1      | Reached skill level 3 in Ranged Weapons
   434 | D:1      | Reached XP level 3. HP: 21/21 MP: 4/4
   797 | D:1      | 797 ||| UPGRADING to +0 ring mail.
   807 | D:1      | 807 ||| DROPPING +0 robe.
   808 | D:1      | 808 ||| READING scroll labelled FAMUMO BADIMEU.
   809 | D:1      | 809 ||| READING scroll labelled YTAQUTECVEM.
   810 | D:1      | 810 ||| READING scroll labelled FEREBB KOKHE.
   811 | D:1      | 811 ||| READING scroll labelled DOASSU KEORCH.
   812 | D:1      | 812 ||| READING scroll labelled LOSKEA OLONYBB.
   813 | D:1      | 813 ||| READING scroll labelled YKIMER AXE.
   814 | D:1      | 814 ||| DRINKING 2 murky emerald potions.
   815 | D:1      | 815 ||| DROPPING scroll of poison.
   816 | D:1      | 816 ||| DROPPING potion of invisibility.
   899 | D:2      | HP: 5/21 [worm (8)]
   991 | D:2      | HP: 5/21 [frozen (4)]
   995 | D:2      | HP: 1/21 [frozen (4)]
   995 | D:2      | Slain by an endoplasm

Levels and vault maps discovered:
D:1:      dpeg_arrival_brainrot, layout_rooms, minmay_unequal
D:2:      layout_basic, serial_corexii_hall, corexii_hall_statues_x,
          corexii_hall_statues_i, uniq_robin

Skill      XL: |  1  2 |
---------------+-------+-----
Ranged Weapons | 3 |  3.7
Fighting       | 2 |  2.0
Dodging        | |  1.5
Spellcasting   | |  1.0
Hexes          | |  2.6

Action                     || total
---------------------------++-------
   Fire: Sling             ||   136
    Use: Scroll            ||     6
         Potion            ||     1
 Armour: Robe              ||    15
         Ring mail         ||    14
  Dodge: Dodged            ||    48

Table legend:
 A = Non-vault XP
 B = Vault XP
 C = Vault XP percentage of total XP
 D = Non-vault monster count
 E = Vault monster count
 F = Vault count percentage of total count
                 A         B        C        D         E       F
            +---------+---------+-------+---------+---------+-------
      Total |      63 |      14 |  18.2 |      29 |       5 |  14.7
            +---------+---------+-------+---------+---------+-------
        D:1 |      43 |      14 |  24.6 |      26 |       5 |  16.1
        D:2 |      20 |       0 |   0.0 |       3 |       0 |   0.0
            +---------+---------+-------+---------+---------+-------
